 Dungeon Crawl Stone Soup version 0.30-a0-377-g5cb311bc9f (webtiles) character file.

Game seed: 10577829848310858077

36215 Voxish the Warrior (level 13, -10/150 HPs)
             Began as an Ogre Air Elementalist on Nov 27, 2022.
             Was an Elder of Vehumet.
             Mangled by a catoblepas (14 damage)
             ... while petrified by a catoblepas
             ... on level 5 of the Lair of Beasts on Nov 28, 2022.
             The game lasted 00:56:06 (24909 turns).

Voxish the Warrior (Ogre Air Elementalist)         Turns: 24909, Time: 00:56:07

Health: -10/150    AC:  7    Str: 11    XL:     13   Next: 88%
Magic:  30/30      EV:  1    Int: 32    God:    Vehumet [****..]
Gold:   976        SH:  0    Dex:  9    Spells: 11/38 levels left

rFire   + . .      SeeInvis .    J - +5 short sword of the Mouth {flame, rElec rF+ Str-4}
rCold   . . .      Faith    .    o - orb {light}
rNeg    + + +      Spirit   .    R - +0 steam dragon scales
rPois   ∞          Reflect  .    (helmet restricted)
rElec   +          Harm     .    c - +0 cloak
rCorr   .          Rampage  .    (gloves unavailable)
Will    +....                    (boots unavailable)
Stlth   +.........               (no amulet)
HPRegen 0.45/turn                j - +6 ring of intelligence
MPRegen 0.22/turn                Q - +6 ring of intelligence

@: petrified, glowing
A: large, unfitting armour, tough skin 1
a: Renounce Religion


You were on level 5 of the Lair of Beasts.
You worshipped Vehumet.
Vehumet was greatly pleased with you.
You visited 3 branches of the dungeon, and saw 14 of its levels.
You also visited: Ossuary.

You collected 976 gold pieces.

Inventory:

Hand Weapons
 u - a +1 dagger of venom
 J - the +5 short sword of the Mouth (weapon) {flame, rElec rF+ Str-4}
   (You found it on level 6 of the Dungeon)

   It burns those it strikes, dealing additional fire damage.
   Str:       It affects your strength (-4).
   rF:        It protects you from fire.
   rElec:     It insulates you from electricity.
 T - a +3 trident of freezing
Missiles
 V - a throwing net
Armour
 c - a +0 cloak (worn)
 o - an orb of light (worn)
 p - an orb of energy
 R - +0 steam dragon scales (worn)
Jewellery
 h - a ring of willpower
 j - a +6 ring of intelligence (left hand)
 m - a ring of protection from cold
 q - a ring of fire
 x - a ring of protection from fire
 Q - a +6 ring of intelligence (right hand)
Wands
 n - a wand of polymorph (13)
 y - a wand of flame (50)
 z - a wand of mindburst (21)
 O - a wand of digging (13)
 P - a wand of iceblast (7)
 U - a wand of acid (10)
 X - a wand of charming (12)
Scrolls
 l - a scroll of brand weapon
 r - 4 scrolls of teleportation
 s - 6 scrolls of butterflies
 w - a scroll of amnesia
 D - 2 scrolls of summoning
 E - a scroll of acquirement {unknown}
 F - 2 scrolls of silence {unknown}
 G - 2 scrolls of blinking {unknown}
 I - 2 scrolls of enchant armour {unknown}
 K - 3 scrolls of noise
 L - 2 scrolls of enchant weapon {unknown}
 N - a scroll of immolation {unknown}
 S - 2 scrolls of magic mapping {unknown}
 Z - 4 scrolls of poison
Potions
 b - 5 potions of magic
 d - 2 potions of might
 f - 3 potions of mutation {unknown}
 g - 2 potions of degeneration {unknown}
 i - 5 potions of lignification
 k - 6 potions of curing
 t - 7 potions of haste {unknown}
 v - 2 potions of attraction {unknown}
 A - 4 potions of flight
 B - 5 potions of brilliance
 H - 3 potions of cancellation {unknown}
 M - 2 potions of berserk rage {unknown}
 W - 5 potions of ambrosia
 Y - a potion of invisibility {unknown}
Miscellaneous
 e - a tin of tremorstones (2/2)


   Skills:
 + Level 15.2 Fighting
 - Level 3.2 Armour
 - Level 4.9 Dodging
 - Level 1.4 Stealth
 + Level 13.1 Spellcasting
 + Level 6.3 Conjurations
 + Level 3.9 Fire Magic
 - Level 4.1 Ice Magic
 + Level 11.2 Air Magic
 - Level 2.2 Evocations


You had 11 spell levels left.
You knew the following spells:

 Your Spells              Type           Power      Damage    Failure   Level
a - Shock                 Conj/Air       100%       1d9       1%          1
b - Static Discharge      Conj/Air       100%       2-7/arc   1%          2
c - Swiftness             Air            75%        N/A       1%          3
d - Airstrike             Air            37%        2d(6-22)  1%          4
e - Blink                 Tloc           42%        N/A       3%          2
f - Cause Fear            Hex            10%        N/A       22%         4
g - Frozen Ramparts       Ice            94%        1d15      1%          3
h - Fireball              Conj/Fire      26%        3d12      2%          5
i - Mephitic Cloud        Conj/Pois/Air  55%        N/A       1%          3

Your spell library contained the following spells:

 Spells                   Type           Power      Damage    Failure   Level
 Arcjolt                  Conj/Air       33%        1d43      1%          5
 Foxfire                  Conj/Fire      100%       2x1d9     1%          1
 Ensorcelled Hibernation  Hex/Ice        68%        N/A       1%          2
 Passwall                 Tmut/Erth      17%        N/A       3%          2
 Sublimation of Blood     Necr           21%        N/A       3%          2
 Wereblood                Tmut           21%        N/A       3%          2
 Ice Form                 Ice/Tmut       34%        N/A       10%         4
 Summon Ice Beast         Ice/Summ       34%        N/A       10%         4
 Starburst                Conj/Fire      26%        6d8       11%         6
 Anguish                  Hex/Necr       10%        N/A       22%         4
 Manifold Assault         Tloc           21%        N/A       22%         4
 Storm Form               Tmut/Air       27%        N/A       88%         7
 Dragon Form              Tmut           10%        N/A       100%        7
 Enfeeble                 Hex            10%        N/A       100%        7
 Summon Hydra             Summ           10%        N/A       100%        7
 Borgnjor's Revivificati  Necr           10%        N/A       100%        8
 Necromutation            Tmut/Necr      10%        N/A       100%        8
 Death's Door             Necr           10%        N/A       100%        9
 Dragon's Call            Summ           10%        N/A       100%        9


Dungeon Overview and Level Annotations

Branches:
Dungeon (8/15)             Temple (1/1) D:6            Lair (5/5) D:8
  Swamp (0/4) Lair:3       Spider (0/4) Lair:2        Slime (0/5) Lair:4
Ossuary (visited)

Altars:
Cheibriados
Gozag
Hepliaklqana
Kikubaaqudgha
Nemelex Xobeh
Okawaru
Sif Muna
Trog
Uskayaw
Vehumet
Wu Jian
Zin
Jiyva

Shops:
D:5 [*?(

Annotations:
Lair:3 1 runed translucent door


Innate Abilities, Weirdness & Mutations

You are too large for most types of armour.
You have tough skin. (AC +1)


Message History

The catoblepas breathes a plume of calcifying dust at you.
The blast of calcifying dust hits you.
You are engulfed in calcifying dust.
The catoblepas gores you!!
You are engulfed in calcifying dust.
The catoblepas breathes a plume of calcifying dust at you.
The blast of calcifying dust hits you.
You are engulfed in calcifying dust.
The catoblepas breathes a plume of calcifying dust at you.
The blast of calcifying dust hits you.
You are engulfed in calcifying dust.
The catoblepas gores you!!
You turn to flesh and can move again.
You are engulfed in calcifying dust.
You are slowing down.
The catoblepas gores you! The catoblepas gores you!
Your limbs are stiffening.
The catoblepas gores you!! x2
* * * LOW HITPOINT WARNING * * *
You have turned to stone.
The catoblepas gores you!!
* * * LOW HITPOINT WARNING * * *
The catoblepas gores you!!
* * * LOW HITPOINT WARNING * * *
The catoblepas gores you.
* * * LOW HITPOINT WARNING * * *
The catoblepas breathes a plume of calcifying dust at you.
The blast of calcifying dust hits you!
* * * LOW HITPOINT WARNING * * *
You are engulfed in calcifying dust.
The catoblepas breathes a plume of calcifying dust at you.
The blast of calcifying dust hits you but does no damage.
You are engulfed in calcifying dust.
The catoblepas gores you.
* * * LOW HITPOINT WARNING * * *
You are engulfed in calcifying dust.
The catoblepas gores you but does no damage.
You are engulfed in calcifying dust.
The catoblepas gores you!
* * * LOW HITPOINT WARNING * * *
You are engulfed in calcifying dust.
The catoblepas gores you!!
* * * LOW HITPOINT WARNING * * *
The catoblepas gores you!!
You die...

## ###|## #})$$.
#$...## #######
#....## ##.P##P###
#Y..###.......P##
##@###P.....#...##
#.# #.....###...##
#.# #....## ##...#
#.# ###..### ###..
#.# ##...## ###
####.## ###..## ##
##.....# ##..P#
##. #...#..##
#...## #..
#.####..#
##...###.#


You could see a catoblepas.

Vanquished Creatures
  4 hydras
  3 catoblepae
  11 death yaks
  A lindwurm (Lair:3)
  A wolf spider (Lair:2)
  2 manticores (Lair:5)
  4 black mambas
  4 cane toads
  A rime drake (Lair:3)
  6 komodo dragons
  A queen bee (Lair:2)
  23 blink frogs
  Prince Ribbit (D:8)
  Grinder (D:5)
  7 dream sheep (Lair:3)
  3 wyverns
  59 yaks
  Eustachio (D:5)
  A steam dragon (D:7)
  6 water moccasins
  A black bear (D:5)
  An ice beast (D:7)
  A sky beast (D:4)
  2 centaurs
  2 phantoms
  Blork the orc (D:5)
  3 kobold brigands
  A necrophage (D:5)
  10 bullfrogs
  2 scorpions
  A gnoll sergeant (D:7)
  4 wights
  24 killer bees (Lair:2)
  2 electric eels (Lair:3)
  6 jellies
  5 hounds
  A gnoll bouda (D:7)
  4 orc priests
  An iguana (D:7)
  Ijyb (D:3)
  6 orc wizards
  13 mummies (Ossuary)
  16 gnolls
  4 adders
  2 shadow imps (D:6)
  5 white imps
  2 ufetubi
  3 worms
  A dart slug (D:1)
  22 orcs
  5 ball pythons
  2 bat skeletons (D:2)
  7 endoplasms
  2 giant cockroaches
  2 hobgoblins
  5 jackals
  6 quokkas
  4 bats
  5 frilled lizards
  A gnoll skeleton (Ossuary)
  6 goblins
  3 goblin skeletons (Ossuary)
  22 kobolds
  2 kobold skeletons (Ossuary)
  2 orc skeletons (Ossuary)
  2 quokka zombies
  23 rats
  11 rat skeletons (Ossuary)
  A rat zombie (D:4)
398 creatures vanquished.

Vanquished Creatures (others)
  An iguana (D:7)
  2 bushes (Lair:4)
  29 fungi
  35 plants
  7 toadstools (D:2)
74 creatures vanquished.

Grand Total: 472 creatures vanquished

Notes
Turn   | Place    | Note
-------+----------+-------------------------------------------
     0 | D:1      | Voxish the Ogre Air Elementalist began the quest for the
                  | Orb.
     0 | D:1      | Reached XP level 1. HP: 16/16 MP: 3/3
   133 | D:1      | Reached skill level 1 in Fighting
   133 | D:1      | Reached XP level 2. HP: 25/27 MP: 0/5
   136 | D:1      | Learned a level 2 spell: Static Discharge
   816 | D:1      | Reached XP level 3. HP: 29/35 MP: 5/7
  1399 | D:2      | Reached skill level 2 in Fighting
  1491 | D:2      | Learned a level 3 spell: Swiftness
  1907 | D:2      | Reached XP level 4. HP: 17/44 MP: 3/9
  2059 | D:2      | Learned a level 4 spell: Airstrike
  2565 | D:3      | Reached skill level 3 in Fighting
  2614 | D:3      | Noticed Ijyb
  2627 | D:3      | Killed Ijyb
  2628 | D:3      | Reached XP level 5. HP: 27/53 MP: 4/10
  2884 | D:3      | You fall into a shaft and drop 1 floor!
  3159 | D:4      | Reached skill level 4 in Fighting
  3159 | D:4      | Reached XP level 6. HP: 33/62 MP: 12/12
  3166 | D:4      | Found a sand-covered staircase.
  3185 | Ossuary  | Entered an ossuary
  4592 | Ossuary  | Reached skill level 5 in Fighting
  4836 | D:4      | Reached skill level 5 in Spellcasting
  4952 | D:4      | Reached XP level 7. HP: 67/72 MP: 11/14
  5727 | D:5      | Entered Level 5 of the Dungeon
  5727 | D:5      | Noticed Eustachio
  5736 | D:5      | Killed Eustachio
  5737 | D:5      | Reached skill level 6 in Fighting
  5737 | D:5      | Reached skill level 5 in Air Magic
  5871 | D:5      | Noticed Blork the orc
  5895 | D:5      | HP: 2/75 [Blork the orc/+0 scimitar (8)]
  5896 | D:5      | Killed Blork the orc
  5906 | D:5      | HP: 1/76 [orc priest/divine providence (15)]
  5909 | D:5      | Reached XP level 8. HP: 3/84 MP: 2/17
  6156 | D:5      | Learned a level 2 spell: Blink
  6168 | D:5      | Found Sociqol's Antique Armour Emporium.
  6506 | D:5      | Found Deyhyoremp's Weapon Boutique.
  6553 | D:5      | Noticed Grinder
  6564 | D:5      | Found Wiecikhle's Magic Scroll Emporium.
  6864 | D:5      | Killed Grinder
  6865 | D:5      | Reached skill level 7 in Fighting
  7264 | D:5      | Found Udwur's Assorted Antiques.
  7941 | D:6      | Reached skill level 8 in Fighting
  8274 | D:6      | Found a staircase to the Ecumenical Temple.
  8714 | D:6      | Reached XP level 9. HP: 77/96 MP: 8/20
  8725 | Temple   | Entered the Ecumenical Temple
  8836 | Temple   | Became a worshipper of Vehumet
  9038 | D:6      | Reached skill level 1 in Evocations
  9344 | D:6      | Identified the +5 short sword of the Mouth {flame, rElec
                  | rF+ Str-4}
 10302 | D:7      | Reached skill level 9 in Fighting
 10844 | D:7      | Reached skill level 1 in Conjurations
 11020 | D:7      | Found an ancient bone altar of Kikubaaqudgha.
 11914 | D:8      | Reached skill level 1 in Armour
 11936 | D:8      | Reached * piety under Vehumet
 11936 | D:8      | Offered knowledge of Foxfire by Vehumet.
 12055 | D:8      | Found a staircase to the Lair.
 12063 | D:8      | Noticed Prince Ribbit
 12067 | D:8      | Killed Prince Ribbit
 12068 | D:8      | Reached XP level 10. HP: 96/107 MP: 9/22
 12152 | D:8      | Found a snail-covered altar of Cheibriados.
 12266 | D:8      | Found an ornate altar of the Wu Jian Council.
 12542 | D:8      | Found a sparkling altar of Nemelex Xobeh.
 12711 | Lair:1   | Entered Level 1 of the Lair of Beasts
 13498 | Lair:1   | You fall into a shaft and drop 1 floor!
 13498 | Lair:2   | Noticed a cane toad
 13500 | Lair:2   | Killed a cane toad
 13793 | Lair:1   | Reached skill level 10 in Fighting
 15205 | Lair:2   | Learned a level 4 spell: Cause Fear
 15280 | Lair:2   | Noticed an eight-headed hydra
 15285 | Lair:2   | Killed an eight-headed hydra
 15286 | Lair:2   | Reached XP level 11. HP: 90/119 MP: 13/24
 15289 | Lair:2   | Reached skill level 11 in Fighting
 15450 | Lair:2   | Found a hole to the Spider Nest.
 15450 | Lair:2   | Noticed a wolf spider
 15456 | Lair:2   | Killed a wolf spider
 15614 | Lair:2   | Noticed a five-headed hydra
 15621 | Lair:2   | Killed a five-headed hydra
 16372 | Lair:2   | Reached skill level 10 in Spellcasting
 17182 | Lair:2   | Offered knowledge of Magic Dart by Vehumet.
 17182 | Lair:2   | Reached ** piety under Vehumet
 17442 | Lair:3   | Noticed a death yak
 17443 | Lair:3   | Noticed a death yak
 17444 | Lair:3   | Noticed a death yak
 17461 | Lair:2   | Killed a death yak
 17462 | Lair:2   | Reached skill level 12 in Fighting
 18039 | Lair:3   | Learned a level 3 spell: Frozen Ramparts
 18085 | Lair:3   | Reached skill level 1 in Ice Magic
 18262 | Lair:3   | Found a staircase to the Swamp.
 18307 | Lair:3   | Noticed a death yak
 18309 | Lair:3   | Killed a death yak
 18310 | Lair:3   | Reached XP level 12. HP: 133/133 MP: 8/26
 18325 | Lair:3   | Killed a death yak
 18330 | Lair:3   | Killed a death yak
 18694 | Lair:3   | Reached skill level 13 in Fighting
 18775 | Lair:3   | Found a runed translucent door.
 18815 | Lair:4   | Noticed a death yak
 18816 | Lair:4   | Noticed a death yak
 18821 | Lair:4   | Noticed a death yak
 18824 | Lair:4   | Killed a death yak
 19525 | Lair:4   | Killed a death yak
 19531 | Lair:4   | Killed a death yak
 19532 | Lair:4   | Reached skill level 10 in Air Magic
 20377 | Lair:4   | Found a staircase to the Slime Pits.
 20382 | Lair:4   | Found a viscous altar of Jiyva.
 20543 | Lair:4   | Offered knowledge of Searing Ray by Vehumet.
 20980 | Lair:4   | Noticed a catoblepas
 21048 | Lair:4   | Killed a catoblepas
 21450 | Lair:4   | Reached *** piety under Vehumet
 21456 | Lair:4   | Reached skill level 14 in Fighting
 21815 | Lair:4   | Reached XP level 13. HP: 129/146 MP: 22/29
 22003 | Lair:4   | Learned a level 5 spell: Fireball
 22033 | Lair:5   | Entered Level 5 of the Lair of Beasts
 22076 | Lair:5   | Reached skill level 1 in Fire Magic
 22082 | Lair:5   | Reached skill level 5 in Conjurations
 22180 | Lair:5   | Offered knowledge of Mephitic Cloud by Vehumet.
 22607 | Lair:5   | Reached **** piety under Vehumet
 23877 | Lair:5   | Learned a level 3 spell: Mephitic Cloud
 23913 | Lair:5   | Offered knowledge of Arcjolt by Vehumet.
 23922 | Lair:5   | Reached skill level 15 in Fighting
 24908 | Lair:5   | HP: 3/150 [catoblepas (9)]
 24909 | Lair:5   | Mangled by a catoblepas

Illustrated notes

Levels and vault maps discovered:
D:1:      wander_arrival_chamber, layout_basic, serial_aquarium,
          aquarium_bridge_straight [aquarium_subvault_bridge,
          aquarium_subvault_window, aquarium_subvault_bridge,
          aquarium_subvault_window], aquarium_window_2, aquarium_window_1,
          aquarium_window_fake, aquarium_window_fake, aquarium_view_2d,
          aquarium_balcony_3a
D:2:      cheibrodos_fertilizer, layout_rooms, serial_undead, serial_undead_c,
          serial_undead_e, serial_undead_e, serial_undead_a
D:3:      layout_loops_cross, uniq_ijyb
D:4:      layout_loops_ring, enter_ossuary_4, minmay_rat_hole
D:5:      layout_loops_cross, serial_shops, nicolae_shop_bloodbath_and_beyond,
          nicolae_take_the_stairs, nicolae_shop_crystal, shop, uniq_grinder,
          uniq_blork_the_orc, uniq_eustachio
D:6:      layout_rooms, minmay_temple_entry_large_hall, dreamdust_gnoll_farm
D:7:      layout_cave_pods, general_overflow_altar
D:8:      layout_gridville, lemuel_tele_altar, nicolae_overflow_hidden_temple,
          lair_entry_dummy, minmay_crossroads, uniq_prince_ribbit1
Temple:   nicolae_temple_ecumenical_triangle
Lair:1:   layout_hall_layers
Lair:2:   layout_roguey, spider_nest_entry_rubble, special_room
          [special_room_bee], infiniplex_staircase_pool_2, lemuel_fruit_tree
Lair:3:   gammafunk_mikee_crab_dinner, layout_hall_layers,
          minmay_swamp_entry_eels, wad_woods_03
Lair:4:   layout_concentric_octagons, nicolae_slime_entry_slimehenge,
          st_stairs_6
Lair:5:   evilmike_catoblepas_cave, layout_loops_ring, tgw_fedhas

Skill      XL: |  1  2  3  4  5  6  7  8  9 10 11 12 13 |
---------------+----------------------------------------+-----
Fighting       | 1 2 3 4 5 6 8 9 10 12 14 15 | 15.2
Air Magic      | 3 4 5 6 7 8 9 10 11 | 11.2
Spellcasting   | 3 4 5 6 7 8 9 10 12 13 | 13.1
Dodging        | 2 3 4 |  4.9
Evocations     | 2 |  2.2
Conjurations   | 1 3 4 6 |  6.3
Armour         | 1 3 |  3.2
Ice Magic      | 2 4 |  4.1
Fire Magic     | 3 |  3.9
Stealth        | |  1.4

Action                   |  1- 3 |  4- 6 |  7- 9 | 10-12 | 13-15 || total
-------------------------+-------+-------+-------+-------+-------++-------
Melee: Dagger            |    24 |    81 |   160 |       |       ||   265
       Short sword       |    63 |   122 |   156 |   112 |    50 ||   503
 Cast: Shock             |    38 |    14 |     2 |     3 |     5 ||    62
       Static Discharge  |     2 |    53 |    60 |    75 |    44 ||   234
       Swiftness         |       |     1 |       |       |       ||     1
       Airstrike         |       |       |    29 |   151 |    29 ||   209
       Frozen Ramparts   |       |       |       |     4 |    16 ||    20
       Fireball          |       |       |       |       |     2 ||     2
       Mephitic Cloud    |       |       |       |       |     1 ||     1
Evoke: Wand              |       |       |       |     6 |       ||     6
  Use: Scroll            |       |     5 |     3 |     6 |     4 ||    18
       Potion            |       |       |    12 |       |     1 ||    13
 Stab: Sleeping          |     2 |       |       |       |       ||     2
Armor: Robe              |    31 |    53 |    49 |       |       ||   133
       Steam dragon scal |       |       |    38 |    53 |    21 ||   112
Dodge: Dodged            |    49 |    89 |   193 |   121 |    48 ||   500

Table legend: (Time is in decaauts)
 A = Elapsed time spent in this place.
 B = Non-inter-level travel time spent in this place.
 C = Inter-level travel time spent in this place.
 D = Time resting spent in this place.
 E = Time spent auto-exploring this place.
 F = Levels seen in this place.
 G = Mean time per level.
                   A        B        C        D        E       F      G
               +--------+--------+--------+--------+--------+-----+--------+
         Total |  24917 |  24607 |    310 |  11667 |   8264 |  15 | 1661.1 |
       Dungeon |  10885 |  10732 |    153 |   3351 |   5360 |   8 | 1360.6 |
        Temple |    242 |    242 |      0 |    201 |      0 |   1 |  242.0 |
          Lair |  12211 |  12054 |    157 |   7025 |   2897 |   5 | 2442.2 |
       Ossuary |   1578 |   1578 |      0 |   1090 |      7 |   1 | 1578.0 |
               +--------+--------+--------+--------+--------+-----+--------+

Top non-repeatable levels by time:
  Lair:5: 2878 daAuts
  Lair:4: 2860 daAuts
  Lair:2: 2710 daAuts
  Lair:1: 2342 daAuts
     D:7: 2230 daAuts
     D:5: 2146 daAuts
 Ossuary: 1578 daAuts
     D:4: 1506 daAuts
  Lair:3: 1419 daAuts
     D:1: 1216 daAuts
     D:6: 1092 daAuts
     D:8: 980 daAuts
     D:3: 871 daAuts
     D:2: 841 daAuts
  Temple: 242 daAuts
